 Dungeon Crawl Stone Soup version 0.28-a0-1152-g9c71ebef14 (webtiles) character file.

Game seed: 5626079992114399309

59959 vurker the Gelid (level 14, 68/70 HPs)
             Began as a Felid Air Elementalist on Dec 14, 2021.
             Was a High Priest of Vehumet.
             Quit the game on level 1 of the Snake Pit.
             The game lasted 00:55:15 (47221 turns).

vurker the Gelid (Felid Air Elementalist)          Turns: 47221, Time: 00:55:16

Health: 68/70      AC:  7    Str:  4    XL:     14   Next: 55%
Magic:  17/44      EV: 21    Int: 23    God:    Vehumet [*****.]
Gold:   1066       SH:  0    Dex: 18    Spells: 15/46 levels left
                                        Lives:  0   Deaths: 2

rFire   . . .      SeeInvis +   (weapon unavailable)
rCold   + . .      Faith    .   (shield unavailable)
rNeg    . . .      Spirit   .   (armour unavailable)
rPois   .          Reflect  .   (helmet unavailable)
rElec   .          Harm     .   (cloak unavailable)
rCorr   .          Rampage  .   (gloves unavailable)
Will    ++...                   (boots unavailable)
Stlth   ++++......              g - amulet of regeneration
HPRegen 1.01/turn               s - ring of magical power
MPRegen 0.29/turn               h - +4 ring of protection

@: mildly poisoned (68 -> 67), unable to drink, studying Ice Magic, quick
A: very small, claws 1, fangs 3, see invisible, speed 1, shaggy fur 3, stealthy
paws, no weapons or thrown items, no armour, multi-lived
a: Renounce Religion


You were on level 1 of the Snake Pit.
You worshipped Vehumet.
Vehumet was extremely pleased with you.
You visited 5 branches of the dungeon, and saw 25 of its levels.

You collected 2690 gold pieces.
You spent 1624 gold pieces at shops.

Inventory:

Jewellery
 d - a ring of flight
   (You took it off Sonja on level 2 of the Lair of Beasts)
 g - an amulet of regeneration (around neck)
   (You found it on level 7 of the Dungeon)
 h - a +4 ring of protection (right paw)
   (You found it on level 3 of the Dungeon)
 m - a ring of willpower
   (You found it on level 4 of the Dungeon)
 s - a ring of magical power (left paw)
   (You found it on level 6 of the Lair of Beasts)
 z - a ring of positive energy
   (You found it on level 4 of the Lair of Beasts)
 D - a ring of poison resistance
   (You found it on level 14 of the Dungeon)
Wands
 k - a wand of charming (5)
   (You found it on level 4 of the Dungeon)
 t - a wand of flame (41)
   (You found it on level 7 of the Dungeon)
 x - a wand of acid (17)
   (You found it on level 8 of the Dungeon)
 y - a wand of mindburst (5)
   (You found it on level 3 of the Lair of Beasts)
 A - a wand of polymorph (4)
   (You found it on level 14 of the Dungeon)
Scrolls
 e - 5 scrolls of magic mapping
 f - 9 scrolls of teleportation
 n - 2 scrolls of fog
 q - 3 scrolls of amnesia
 w - 2 scrolls of immolation
 B - a scroll of summoning
 C - 8 scrolls of identify
 E - a scroll of fear
Potions
 a - 4 potions of ambrosia
 b - 3 potions of brilliance
 c - 5 potions of heal wounds
 i - 3 potions of cancellation
 j - 3 potions of haste
 l - 9 potions of curing
 o - a potion of lignification
 p - 2 potions of mutation
 r - 4 potions of flight
 u - a potion of resistance
 v - a potion of invisibility


   Skills:
 + Level 13.0 Fighting
 + Level 6.6 Dodging
 + Level 7.1 Stealth
 * Level 16.7 Spellcasting
 - Level 3.0 Conjurations
 - Level 3.0 Necromancy
 * Level 17.2 Ice Magic
 * Level 9.0 Air Magic


You had 15 spell levels left.
You knew the following spells:

 Your Spells              Type           Power      Damage    Failure   Level
a - Shock                 Conj/Air       100%       1d9       1%          1
b - Ozocubu's Refrigerat  Ice            39%        4d12      1%          7
c - Airstrike             Air            28%        N/A       1%          4
f - Maxwell's Capacitive  Air            28%        ∞         71%         8
q - Polar Vortex          Ice            39%        N/A       50%         9
w - Sublimation of Blood  Necr           33%        N/A       1%          2

Your spell library contained the following spells:

 Spells                   Type           Power      Damage    Failure   Level
 Iskenderun's Battlesphe  Conj           33%        2d9       6%          5
 Animate Skeleton         Necr           66%        N/A       1%          1
 Foxfire                  Conj/Fire      100%       2x1d9     1%          1
 Magic Dart               Conj           100%       1d8       1%          1
 Pain                     Necr           100%       1d9       1%          1
 Corpse Rot               Necr/Air       92%        N/A       1%          2
 Searing Ray              Conj           66%        2d6       1%          2
 Static Discharge         Conj/Air       46%        N/A       1%          2
 Conjure Flame            Conj/Fire      26%        6-21      1%          3
 Dazzling Flash           Conj/Hex       52%        N/A       1%          3
 Mephitic Cloud           Conj/Pois/Air  37%        N/A       1%          3
 Swiftness                Air            57%        N/A       1%          3
 Freezing Cloud           Conj/Ice/Air   29%        6-21      1%          5
 Lightning Bolt           Conj/Air       23%        1d38      1%          5
 Apportation              Tloc           38%        N/A       2%          1
 Slow                     Hex            76%        N/A       2%          1
 Summon Small Mammal      Summ           76%        N/A       2%          1
 Ignite Poison            Fire/Tmut/Pois 19%        N/A       2%          3
 Inner Flame              Hex/Fire       19%        N/A       2%          3
 Vampiric Draining        Necr           33%        2d8       2%          3
 Passwall                 Tmut/Erth      15%        N/A       4%          2
 Wereblood                Tmut           19%        N/A       4%          2
 Flame Wave               Conj/Fire      26%        2d6       4%          4
 Fulminant Prism          Conj/Hex       13%        3d9       4%          4
 Simulacrum               Ice/Necr       30%        N/A       7%          6
 Call Canine Familiar     Summ           19%        N/A       9%          3
 Confusing Touch          Hex            19%        N/A       9%          3
 Gell's Gravitas          Tloc           19%        N/A       9%          3
 Teleport Other           Tloc           19%        N/A       9%          3
 Dispel Undead            Necr           33%        3d14      9%          4
 Irradiate                Conj/Tmut      13%        3d17      11%         5
 Silence                  Hex/Air        20%        N/A       12%         5
 Lee's Rapid Deconstruct  Erth           9%         3d8*      21%         5
 Agony                    Necr           33%        N/A       22%         5
 Leda's Liquefaction      Hex/Erth       9%         N/A       28%         4
 Alistair's Intoxication  Tmut/Pois      12%        N/A       61%         5
 Blade Hands              Tmut           9%         N/A       61%         5
 Death Channel            Necr           16%        N/A       77%         6
 Dispersal                Tloc           9%         N/A       99%         6
 Statue Form              Tmut/Erth      12%        N/A       99%         6
 Dragon Form              Tmut           9%         N/A       100%        7
 Summon Hydra             Summ           9%         N/A       100%        7
 Portal Projectile        Hex/Tloc       Unusable   N/A       N/A         3
 Excruciating Wounds      Necr           Unusable   N/A       N/A         5

Dungeon Overview and Level Annotations

Branches:
Dungeon (15/15)            Temple (1/1) D:7            Lair (6/6) D:8
 Shoals (0/4) Lair:4        Snake (1/4) Lair:2        Slime (0/5) Lair:5
    Orc (2/2) D:10            Elf (0/3) Orc:2        Vaults (0/5) D:13
 Depths: D:15

Altars:
Ashenzari
Cheibriados
Dithmenos
Elyvilon
Fedhas
Gozag
Hepliaklqana
Kikubaaqudgha
Makhleb
Nemelex Xobeh
Okawaru
Ru
Sif Muna
Trog
Uskayaw
Vehumet
Wu Jian
Yredelemnul
Zin
The Shining One

Shops:
D:5 :   D:7 [   D:10 =   D:14 *   Orc:2 *:*(

Portals:
Pandemonium: Orc:2
Trove: D:10 (give 12 potions of heal wounds)

Annotations:
D:3 3 runed translucent doors, bmj180's ghost, amateur GrEE
D:6 3 runed translucent doors, Ibis19's ghost, novice MiBe
D:7 exclusion: oklob plant
D:10 3 runed translucent doors, funkygono's ghost, novice GrFE
Snake:1 Aizul


Innate Abilities, Weirdness & Mutations

You have sharp claws.
You have razor-sharp teeth.
You have supernaturally acute eyesight. (SInv)
You cover ground quickly. (Speed+)
Your thick and shaggy fur keeps you warm. (AC +3, rC+)
Your paws help you pounce on unaware monsters.
You are incapable of wielding weapons or throwing items.
You cannot wear armour.
You gain extra lives every three experience levels.


Message History

You cannot drink potions in your current state!
The heat is drained from your surroundings.
You feel very cold.
Aizul is frozen.
* * * LOW HITPOINT WARNING * * *
You feel very sick.
The heat is drained from your surroundings.
You feel very cold.
Aizul is frozen.
* * * LOW HITPOINT WARNING * * *
You feel very sick. Aizul barely misses you.
The heat is drained from your surroundings.
You feel very cold.
Aizul is frozen.
You die...
You feel very sick. Aizul hits you!!
Aizul coils herself and waves her upper body at you.
The bolt of poison misses you.
You are now level 14!
You rejoin the land of the living...
Found a runed garnet amulet and a mace.
A black mamba comes into view.
You see here an amulet of magic regeneration.
A black mamba is nearby!
A black mamba is nearby!
The heat is drained from your surroundings.
You feel very cold.
The black mamba is frozen.
The black mamba hisses angrily.
The black mamba seems to slow down.
An anaconda comes into view.
The heat is drained from your surroundings.
You feel very cold.
The anaconda is frozen.
The heat is drained from your surroundings.
You feel very cold.
The anaconda is frozen.
You kill the anaconda!
Vehumet accepts your kill.
You feel your power returning.
Your Fighting skill increases to level 13!
The heat is drained from your surroundings.
You feel very cold.
The black mamba is frozen.
You kill the black mamba!
Vehumet accepts your kill.
You feel your power returning.
A naga ritualist comes into view. It is wielding a +0 war axe.
A naga ritualist is nearby!
The heat is drained from your surroundings.
You feel very cold.
The naga ritualist is frozen.
The naga ritualist shouts!
The naga ritualist prays to its god.
The naga ritualist begins to radiate toxic energy.
You are poisoned.

#. ..N ..#
..† ..#
##.####
...#.....#
#.#.....#
.#
.).....#..#
#........#
#.@...#
#...###
##..#
##....
##.... ....
... ...


You could see a naga ritualist (toxic aura).

Vanquished Creatures
  Frances (D:13)
  Azrael (D:15)
  An ettin (Orc:1)
  Josephine (D:15)
  A fire dragon (D:15)
  Harold (Lair:1)
  3 boulder beetles
  Erolcha (Orc:2)
  2 demonspawn (Orc:2)
  10 hydras
  3 catoblepae
  2 vault guards
  An anaconda (Snake:1)
  An ogre mage (D:15)
  8 two-headed ogres
  8 centaur warriors
  5 tengu warriors
  6 death yaks
  Urug (Lair:2)
  7 orc high priests
  A sun demon (Orc:2)
  Sonja (Lair:2)
  7 orc knights
  5 deep elf pyromancers
  4 wizards
  2 wolf spiders (D:15)
  2 necromancers (D:13)
  9 orc sorcerers
  2 manticores (D:14)
  7 cyclopes
  8 ugly things
  15 elephants
  A rust devil (Orc:2)
  9 black mambas
  18 cane toads
  A cane toad (shapeshifter) (D:14)
  4 efreet
  12 komodo dragons
  2 freezing wraiths
  6 rime drakes
  2 tengu conjurers
  4 trolls
  6 polar bears
  34 blink frogs
  4 hornets
  4 slime creatures (D:14)
  9 dream sheep (Lair:6)
  12 spriggans (Lair:6)
  7 wraiths
  A shadow (D:10)
  71 yaks
  A ynoxinul (Orc:2)
  Eustachio (D:6)
  7 basilisks
  6 wyverns
  A hog (shapeshifter) (D:14)
  A golden eye (shapeshifter) (D:14)
  18 humans (D:13)
  A chaos spawn (Orc:2)
  2 fire elementals (D:15)
  A steam dragon (D:8)
  6 vampire mosquitoes (D:12)
  5 wargs
  An acid dragon (D:14)
  16 water moccasins
  3 hell hounds (D:15)
  Duvessa (D:5)
  2 black bears (shapeshifter) (D:14)
  An ice beast (D:8)
  10 ogres
  40 orc warriors
  7 black bears
  26 wolves
  10 boggarts
  14 centaurs
  2 phantoms (D:10)
  Blork the orc (D:4)
  A kobold brigand (D:8)
  10 bullfrogs
  A wyvern zombie (D:6)
  A water moccasin zombie (D:6)
  2 scorpions
  2 gnoll sergeants
  3 troll zombies (D:10)
  Dowan (D:5)
  3 killer bees (D:11)
  12 wights
  3 electric eels
  3 howler monkeys
  6 centaur zombies
  3 centaur skeletons
  3 jellies
  2 bullfrog zombies
  A gnoll shaman (D:9)
  27 orc priests
  2 bullfrog skeletons
  An iguana (D:4)
  16 orc wizards
  5 hell rats (Lair:6)
  A killer bee zombie (D:7)
  3 ogre zombies (D:10)
  A hound skeleton (D:4)
  A howler monkey zombie (D:9)
  A howler monkey skeleton (D:7)
  20 gnolls
  5 adders
  13 white imps
  An ufetubus (D:5)
  2 adder skeletons
  2 worms (D:3)
  5 dart slugs
  64 orcs
  7 endoplasms
  2 giant cockroaches
  12 goblins
  6 hobgoblins
  2 jackals (D:2)
  10 ball pythons
  A bat (D:2)
  A frilled lizard (D:2)
  A goblin skeleton (D:10)
  A goblin zombie (D:10)
  A hobgoblin skeleton (D:10)
  10 kobolds
  2 orc skeletons (D:10)
  14 orc zombies (D:10)
  4 rats
  A spectral orc (D:4)
820 creatures vanquished.

Vanquished Creatures (others)
  3 bushes
  99 fungi
  122 plants
  9 withered plants (D:15)
233 creatures vanquished.

Grand Total: 1053 creatures vanquished

Notes
Turn   | Place    | Note
-------+----------+-------------------------------------------
     0 | D:1      | vurker the Felid Air Elementalist began the quest for the
                  | Orb.
     0 | D:1      | Reached XP level 1. HP: 7/7 MP: 4/4
    93 | D:1      | Reached skill level 1 in Conjurations
   288 | D:1      | Reached XP level 2. HP: 12/12 MP: 0/6
   465 | D:1      | Found a faded altar of an unknown god.
  1277 | D:2      | Reached XP level 3. HP: 15/15 MP: 2/7
  1464 | D:2      | Reached skill level 1 in Fighting
  1941 | D:2      | Found Hunas's Assorted Antiques.
  2098 | D:3      | Found a runed translucent gate.
  2098 | D:3      | Found a runed translucent gate.
  2100 | D:3      | Found a runed translucent gate.
  2100 | D:3      | Noticed bmj180's ghost (amateur GrEE)
  2281 | D:3      | Reached XP level 4. HP: 14/19 MP: 1/9
  2492 | D:3      | Noticed a scorpion
  2509 | D:3      | Killed a scorpion
  2510 | D:3      | Reached XP level 5. HP: 9/22 MP: 0/10
  3572 | D:3      | Found a runed translucent gate.
  3572 | D:3      | Found a runed translucent gate.
  3572 | D:3      | Found a runed translucent gate.
  4257 | D:4      | Gained mutation: You are covered in thick fur. (AC +2)
                  | [Felid growth]
  4257 | D:4      | Reached XP level 6. HP: 22/26 MP: 5/12
  4362 | D:4      | Found a basalt altar of Yredelemnul.
  4927 | D:4      | Found a glowing golden altar of the Shining One.
  4927 | D:4      | Found an ornate altar of the Wu Jian Council.
  4928 | D:4      | Found a hazy altar of Hepliaklqana.
  5108 | D:4      | Found an ancient bone altar of Kikubaaqudgha.
  5145 | D:5      | Entered Level 5 of the Dungeon
  5333 | D:5      | Learned a level 4 spell: Airstrike
  5534 | D:5      | Noticed Blork the orc
  5534 | D:5      | Found Kanuok's Book Emporium.
  5545 | D:4      | Killed Blork the orc
  5657 | D:5      | Reached XP level 7. HP: 30/30 MP: 6/14
  5826 | D:4      | Reached skill level 5 in Air Magic
  6293 | D:5      | Noticed Dowan
  6494 | D:5      | Reached skill level 5 in Spellcasting
  6740 | D:5      | Found a sparkling altar of Nemelex Xobeh.
  6791 | D:5      | Noticed Duvessa
  6807 | D:5      | Killed Duvessa
  6808 | D:5      | Reached XP level 8. HP: 35/35 MP: 9/17
  7000 | D:5      | Killed Dowan
  7912 | D:6      | Found a runed translucent gate.
  7912 | D:6      | Found a runed translucent gate.
  7939 | D:6      | Found a runed translucent gate.
  7941 | D:6      | Noticed Ibis19's ghost (novice MiBe)
  7942 | D:6      | Noticed a kobold demonologist
  7957 | D:6      | Noticed Eustachio
  8786 | D:6      | Killed Eustachio
  8787 | D:6      | Reached XP level 9. HP: 40/40 MP: 4/20
  8797 | D:6      | Learned a level 9 spell: Polar Vortex
  9456 | D:7      | Found a staircase to the Ecumenical Temple.
  9472 | Temple   | Entered the Ecumenical Temple
  9533 | Temple   | Became a worshipper of Vehumet
  9665 | D:7      | Found Rantaoju's Antique Armour Boutique.
  9673 | D:7      | Reached skill level 5 in Fighting
  9673 | D:7      | Reached skill level 1 in Ice Magic
 10037 | D:7      | Found a blossoming altar of Fedhas.
 10053 | D:7      | Noticed an oklob plant
 10713 | D:7      | Reached skill level 2 in Ice Magic
 11326 | D:8      | Reached skill level 3 in Ice Magic
 11440 | D:8      | Noticed a two-headed ogre
 11856 | D:8      | Reached XP level 10. HP: 45/45 MP: 6/23
 11907 | D:8      | Reached * piety under Vehumet
 11907 | D:8      | Offered knowledge of Sandblast by Vehumet.
 12199 | D:8      | Found a staircase to the Lair.
 12209 | D:8      | Killed a two-headed ogre
 12210 | D:8      | Reached skill level 4 in Ice Magic
 13565 | D:9      | Found a shimmering blue altar of Sif Muna.
 13874 | D:9      | Found a burning altar of Makhleb.
 14095 | D:9      | Found a shadowy altar of Dithmenos.
 14329 | D:9      | Found a bloodstained altar of Trog.
 14351 | D:9      | Reached skill level 5 in Ice Magic
 15176 | D:9      | Offered knowledge of Poisonous Vapours by Vehumet.
 15235 | D:9      | Identified the +7 flail of the Ten Deaths {vamp, rCorr
                  | Str+5}
 15247 | D:9      | Reached ** piety under Vehumet
 15415 | D:9      | Found a sacrificial altar of Ru.
 15511 | D:10     | Entered Level 10 of the Dungeon
 15511 | D:10     | Noticed a two-headed ogre
 15539 | D:10     | Killed a two-headed ogre
 15716 | D:10     | Reached skill level 6 in Ice Magic
 15972 | D:10     | Identified the +3 chain mail of a wizard's laboratory
                  | {rPois rN+}
 16173 | D:10     | Reached XP level 11. HP: 49/49 MP: 3/25
 16775 | D:10     | Noticed a two-headed ogre
 16793 | D:10     | Killed a two-headed ogre
 16958 | D:10     | Found a staircase to the Orcish Mines.
 17030 | D:10     | Offered knowledge of Mephitic Cloud by Vehumet.
 17318 | D:10     | Found an opulent altar of Gozag.
 17457 | D:10     | Found Daron's Jewellery Shop.
 17562 | D:10     | Found a runed translucent gate.
 17564 | D:10     | Found a runed translucent gate.
 17565 | D:10     | Found a runed translucent gate.
 17567 | D:10     | Noticed funkygono's ghost (novice GrFE)
 17884 | D:10     | Noticed a vault guard
 17913 | D:10     | Killed a vault guard
 18027 | D:10     | Found a portal to a secret trove of treasure.
 18170 | D:11     | Noticed a boulder beetle
 18299 | D:11     | Reached skill level 10 in Spellcasting
 18299 | D:11     | Reached skill level 7 in Ice Magic
 18910 | Lair:1   | Entered Level 1 of the Lair of Beasts
 19222 | Lair:1   | Reached *** piety under Vehumet
 20161 | Lair:1   | Reached skill level 8 in Ice Magic
 20453 | Lair:1   | Offered knowledge of Frozen Ramparts by Vehumet.
 20816 | Lair:1   | Gained mutation: Your thick and shaggy fur keeps you warm.
                  | (AC +3, rC+) [Felid growth]
 20816 | Lair:1   | Reached XP level 12. HP: 40/55 MP: 6/28
 21388 | Lair:1   | Noticed Harold
 21500 | Lair:1   | Reached **** piety under Vehumet
 21730 | Lair:1   | Killed Harold
 21731 | Lair:1   | Reached skill level 9 in Ice Magic
 22599 | Lair:2   | Noticed Sonja
 22599 | Lair:2   | Found a staircase to the Snake Pit.
 23235 | Lair:1   | Offered knowledge of Ignite Poison by Vehumet.
 23351 | Lair:1   | Learned a level 3 spell: Ignite Poison
 23614 | Lair:2   | Killed Sonja
 23705 | Lair:2   | Noticed Urug
 23813 | Lair:2   | Killed Urug
 24630 | Lair:2   | Noticed an eight-headed hydra
 24658 | Lair:2   | Killed an eight-headed hydra
 24659 | Lair:2   | Reached skill level 10 in Ice Magic
 25340 | Lair:3   | Noticed a death yak
 25341 | Lair:3   | Noticed a death yak
 25342 | Lair:3   | Noticed a death yak
 25342 | Lair:3   | Noticed a death yak
 25523 | Lair:3   | Noticed a five-headed hydra
 25528 | Lair:3   | Killed a five-headed hydra
 25991 | Lair:3   | Noticed a four-headed hydra
 26145 | Lair:3   | Reached ***** piety under Vehumet
 26335 | Lair:3   | Offered knowledge of Ozocubu's Refrigeration by Vehumet.
 26344 | Lair:3   | Learned a level 7 spell: Ozocubu's Refrigeration
 26421 | Lair:3   | Noticed an eight-headed hydra
 26426 | Lair:3   | Killed an eight-headed hydra
 26427 | Lair:3   | Reached XP level 13. HP: 60/60 MP: 16/30
 27727 | Lair:3   | Reached skill level 11 in Ice Magic
 28111 | Lair:3   | Reached skill level 10 in Fighting
 29879 | Lair:4   | Found a staircase to the Shoals.
 30075 | Lair:5   | Reached skill level 12 in Ice Magic
 30929 | Lair:5   | Reached XP level 14. HP: 66/66 MP: 5/33
 31203 | Lair:5   | Offered knowledge of Yara's Violent Unravelling by Vehumet.
 31605 | Lair:5   | Found a staircase to the Slime Pits.
 32425 | Lair:6   | Entered Level 6 of the Lair of Beasts
 33762 | Lair:6   | Reached skill level 13 in Ice Magic
 34594 | Lair:6   | Offered knowledge of Irradiate by Vehumet.
 35056 | Lair:6   | Reached skill level 15 in Spellcasting
 35384 | D:5      | Bought a manual of Ice Magic for 1120 gold pieces
 36305 | Orc:1    | Entered Level 1 of the Orcish Mines
 36898 | Orc:2    | Entered Level 2 of the Orcish Mines
 37228 | Orc:1    | Reached skill level 14 in Ice Magic
 37535 | Orc:2    | Noticed Erolcha
 37543 | Orc:2    | Killed Erolcha
 37758 | Orc:2    | Found a staircase to the Elven Halls.
 38014 | Orc:2    | Offered knowledge of Lee's Rapid Deconstruction by Vehumet.
 38458 | Orc:2    | Found Xyddov's General Store.
 38469 | Orc:2    | Reached XP level 15. HP: 72/72 MP: 25/35
 38582 | Orc:2    | Found Siulet's General Store.
 39547 | Orc:2    | Reached skill level 15 in Ice Magic
 39865 | Orc:2    | Found Faisuteu's Antique Weapon Boutique.
 39865 | Orc:2    | Found Ihefot's Book Shop.
 39866 | Orc:2    | Found a one-way gate leading to the halls of Pandemonium.
 39917 | Orc:2    | Learned a level 2 spell: Sublimation of Blood
 40364 | D:11     | Identified the +0 cloak "Kashrewi" {Fly rElec Str+5 Slay+3}
 40940 | D:12     | Offered knowledge of Spellforged Servitor by Vehumet.
 41494 | D:13     | Reached skill level 1 in Necromancy
 41652 | D:13     | Found a gate to the Vaults.
 42660 | D:13     | Noticed Frances
 42665 | D:13     | Killed Frances
 42878 | D:14     | Reached skill level 16 in Ice Magic
 42956 | D:14     | Reached skill level 5 in Stealth
 43614 | D:14     | Reached skill level 5 in Dodging
 44158 | D:14     | Reached ****** piety under Vehumet
 44159 | D:14     | Offered knowledge of Iskenderun's Battlesphere by Vehumet.
 44160 | D:14     | Shot with an arrow by a centaur warrior
 44161 | D:14     | Reached XP level 14. HP: -10/69 MP: 18/44
 44191 | D:14     | Reached XP level 15. HP: 52/73 MP: 36/36
 44679 | D:14     | Found Bavexil's Assorted Antiques.
 45031 | D:15     | Entered Level 15 of the Dungeon
 45035 | D:15     | Noticed Josephine
 45038 | D:15     | Killed Josephine
 45771 | D:15     | Found an ancient bone altar of Kikubaaqudgha.
 45906 | D:15     | Reached skill level 17 in Ice Magic
 46077 | D:15     | Noticed Azrael
 46080 | D:15     | Killed Azrael
 47097 | D:5      | Bought a book of Lightning for 504 gold pieces
 47106 | D:5      | Learned a level 8 spell: Maxwell's Capacitive Coupling
 47205 | Snake:1  | Entered Level 1 of the Snake Pit
 47209 | Snake:1  | Noticed Aizul
 47213 | Snake:1  | HP: 2/73 [poisoned by Aizul (bolt of poison)]
 47214 | Snake:1  | Succumbed to Aizul's bolt of poison
 47215 | Snake:1  | Reached XP level 14. HP: -1/69 MP: 11/44
 47221 | Snake:1  | Quit the game

Illustrated notes

Levels and vault maps discovered:
D:1:      sevenhm_arrival_forest_fort_small_1, layout_loops_ring,
          chequers_ecumenical_altar_island, minmay_misc_feat_five,
          corexii_leaking_fountain
D:2:      layout_basic, serial_shops, nicolae_shop_competitors_out_of_business,
          hex_tiny, kennysheep_generic_room_9
D:3:      layout_basic, ebering_ghost_rock_garden
D:4:      nicolae_cairo_tiling_large, layout_loops_ring,
          yredelemnul_forgotten_temple_becter, mainiacjoe_overflow_boulevard,
          gammafunk_temple_overflow_claw
D:5:      layout_cave_pools, mainiacjoe_overflow_alcove_2, serial_shops,
          shop_fountains, st_stairs_1, minmay_misc_feat_doors, uniq_duvessa,
          uniq_blork_the_orc
D:6:      layout_loops_ring, gammafunk_ghost_nasty_kobolds, uniq_eustachio
D:7:      layout_loops_ring, tgw_fedhas, minmay_temple_entry_slanted,
          grunt_decor_arrowhead, serial_park_tiny_1, nicolae_inconvenience_store
D:8:      layout_basic, dpeg_oklobed_lair, minmay_joined_circles
D:9:      layout_grid_maze, trog_ov_bears_minmay, grunt_dithmenos_smoke,
          mainiacjoe_overflow_small_starburst, mainiacjoe_overflow_chevrons,
          nicolae_ru_the_path_less_chosen
D:10:     layout_loops_ring, nicolae_gozag_cash_rules_everything_around_me,
          zombieorc1_lemuel, enter_trove_5, gammafunk_ghost_split, serial_shops,
          shop
D:11:     layout_rooms
D:12:     layout_loops_ring
D:13:     layout_roguey, grunt_vaults_entry_tiered, special_room
          [special_room_orc], uniq_frances
D:14:     minmay_the_grid_3x2 [minmay_the_grid_minigrid_large,
          minmay_the_grid_holed_spiral, minmay_the_grid_pillar_ring,
          minmay_the_grid_tiny_cups, minmay_the_grid_all_tris,
          minmay_the_grid_prize_big_room], layout_gridville, serial_shops, shop
D:15:     grunt_enter_depths_hoard, layout_gridville, kiku_gazebo_garden_becter,
          uniq_josephine, uniq_azrael
Temple:   dpeg_three_leaves_temple
Lair:1:   layout_long_grid, infiniplex_staircase_pool, uniq_harold
Lair:2:   layout_loops_ring, dummy_snake_entry, lemuel_fruit_fields, uniq_sonja,
          uniq_urug
Lair:3:   layout_cave_pods, portal_ice_cave_entry_imps,
          nicolae_lair_grazing_beasts [nicolae_sub_lair_graze_edge,
          nicolae_sub_lair_graze_edge, nicolae_sub_lair_graze_edge,
          nicolae_sub_lair_graze_edge]
Lair:4:   layout_hall_layers, shoals_dummy_entry, st_stairs_11,
          serial_bayou_pond_a, serial_bayou_ford_a
Lair:5:   layout_concentric_octagons, slime_dummy, grunt_megastairs_1,
          serial_bayou_shore_b, serial_bayou_shore_a
Lair:6:   minmay_lair_end_enchanted_forest, layout_regular_city
Snake:1:  layout_honeycomb, uniq_aizul
Orc:1:    layout_caves
Orc:2:    pf_orc_diabolical, layout_caves, abandoned_shop, uniq_erolcha

Skill      XL: |  1  2  3  4  5  6  7  8  9 10 11 12 13 14 15 |
---------------+----------------------------------------------+-----
Conjurations   | 1 2 3 |  3.0
Air Magic      | 3 4 5 7 8 9 |  9.0
Fighting       | 1 2 3 4 5 6 8 9 10 13 12 | 13.0
Spellcasting   | 3 4 5 6 8 9 11 12 14 15 16 | 16.7
Ice Magic      | 3 6 8 10 12 14 17 | 17.2
Dodging        | 6 |  6.6
Stealth        | 7 |  7.1
Necromancy     | 3 |  3.0

Action                   |  1- 3 |  4- 6 |  7- 9 | 10-12 | 13-15 || total
-------------------------+-------+-------+-------+-------+-------++-------
Melee: Unarmed           |    11 |       |    10 |    14 |       ||    35
       Bite              |       |       |       |     1 |       ||     1
 Cast: Shock             |    88 |   176 |   233 |   118 |    18 ||   633
       Airstrike         |       |       |    65 |   455 |   399 ||   919
       Ozocubu's Refrige |       |       |       |       |   352 ||   352
Evoke: Wand              |       |       |       |    12 |     3 ||    15
  Use: Scroll            |       |       |    10 |     7 |    12 ||    29
       Potion            |       |       |       |       |     1 ||     1
Armor: Skin              |       |     7 |    16 |    28 |    19 ||    70
Dodge: Dodged            |    24 |    30 |    91 |   140 |   115 ||   400

Table legend: (Time is in decaauts)
 A = Elapsed time spent in this place.
 B = Non-inter-level travel time spent in this place.
 C = Inter-level travel time spent in this place.
 D = Time resting spent in this place.
 E = Time spent auto-exploring this place.
 F = Levels seen in this place.
 G = Mean time per level.
                   A        B        C        D        E       F      G
               +--------+--------+--------+--------+--------+-----+--------+
         Total |  43457 |  41456 |   2001 |   5588 |  30660 |  25 | 1738.3 |
       Dungeon |  24584 |  23539 |   1045 |   3210 |  17549 |  15 | 1638.9 |
        Temple |     56 |     51 |      5 |      0 |     39 |   1 |   56.0 |
          Lair |  15532 |  14727 |    805 |   2243 |  10512 |   6 | 2588.7 |
     Snake Pit |     14 |     14 |      0 |      0 |      2 |   1 |   14.0 |
  Orcish Mines |   3269 |   3124 |    145 |    135 |   2557 |   2 | 1634.5 |
               +--------+--------+--------+--------+--------+-----+--------+

Top non-repeatable levels by time:
  Lair:1: 3958 daAuts
  Lair:6: 2670 daAuts
     D:8: 2669 daAuts
    D:10: 2592 daAuts
  Lair:3: 2584 daAuts
   Orc:2: 2317 daAuts
  Lair:5: 2316 daAuts
  Lair:2: 2101 daAuts
     D:7: 2064 daAuts
     D:9: 2030 daAuts
    D:14: 1967 daAuts
  Lair:4: 1900 daAuts
     D:6: 1803 daAuts
     D:3: 1756 daAuts
     D:4: 1699 daAuts
